 Dungeon Crawl Stone Soup version 0.29.1-1-gd02db6906a (webtiles) character file.

Game seed: 17733947747215758488

5 MisterFreud the Covert (level 1, -2/23 HPs)
             Began as a Gnoll Delver on Oct 5, 2022.
             Slain by a white imp (4 damage)
             ... on level 6 of the Dungeon.
             The game lasted 00:00:48 (380 turns).

MisterFreud the Covert (Gnoll Delver)                Turns: 380, Time: 00:00:48

Health: -2/23      AC:  3    Str: 11    XL:     1   Next: 80%
Magic:  1/1        EV: 13    Int:  9    God:
Gold:   39         SH:  0    Dex: 13    Spells: 0/0 levels left

rFire   . . .      SeeInvis .   a - +0 short sword
rCold   . . .      Faith    .   (no shield)
rNeg    . . .      Spirit   .   b - +0 leather armour
rPois   .          Reflect  .   (no helmet)
rElec   .          Harm     .   (no cloak)
rCorr   .          Rampage  .   (no gloves)
Will    .....                   (no boots)
Stlth   ++++......              (no amulet)
HPRegen 0.07/turn               (no ring)
MPRegen 0.07/turn               (no ring)

@: no status effects
A: fangs 1, strong nose, distributed training
a: no special abilities


You were on level 6 of the Dungeon.
You visited 1 branch of the dungeon, and saw 2 of its levels.

You collected 39 gold pieces.

Inventory:

Hand Weapons
 a - a +0 short sword (weapon)
Armour
 b - a +0 leather armour (worn)
Wands
 g - a wand of digging (3)
Scrolls
 c - a scroll of fog
 d - a scroll of magic mapping
 e - a scroll of fear
 h - a scroll of torment {unknown}
 i - a scroll of amnesia {unknown}
 j - a scroll of identify {unknown}
Potions
 f - a potion of haste


   Skills:
 + Level 6.4 Fighting
 + Level 4.4 Short Blades
 + Level 0.1 Long Blades
 + Level 0.1 Axes
 + Level 0.1 Maces & Flails
 + Level 0.1 Polearms
 + Level 0.1 Staves
 + Level 0.1 Ranged Weapons
 + Level 0.1 Throwing
 + Level 0.1 Armour
 + Level 4.4 Dodging
 + Level 9.5 Stealth
 + Level 0.1 Shields
 + Level 0.1 Unarmed Combat
 + Level 0.1 Spellcasting
 + Level 0.1 Conjurations
 + Level 0.1 Hexes
 + Level 0.1 Summonings
 + Level 0.1 Necromancy
 + Level 0.1 Translocations
 + Level 0.1 Transmutations
 + Level 0.1 Fire Magic
 + Level 0.1 Ice Magic
 + Level 0.1 Air Magic
 + Level 0.1 Earth Magic
 + Level 0.1 Poison Magic
 + Level 0.2 Invocations
 + Level 0.1 Evocations


You couldn't memorise any spells.
You didn't know any spells.
Your spell library was empty.

Dungeon Overview and Level Annotations

Branches:
Dungeon (6/15)
 Temple: D:4-7

Altars:

Annotations:
D:5 Pikel
D:6 1 runed translucent door, ZodNigurash's ghost, novice DEAE


Innate Abilities, Weirdness & Mutations

You have very sharp teeth.
Your uncanny sense of smell can sniff out nearby items.
Your experience applies equally to all skills.


Message History

j - a scroll labelled JEUKONNITE You open the door.
Found 15 gold pieces.
Found a stone staircase leading down.
There is an open door here.
There is a stone staircase leading down here.
You now have 39 gold pieces (gained 15).
Found 15 gold pieces and a leather armour.
Found a runed translucent door.
Found a stone staircase leading down.
There is a stone staircase leading down here.
You open the door.
There is an open door here.
A white imp comes into view.
The white imp shouts, "Run away, thou frothy flap-mouthed flim-flammer!"
The white imp barely misses you.
You hit the white imp.
The white imp is moderately wounded.
The white imp closely misses you.
You hit the white imp but do no damage.
The white imp is moderately wounded.
The white imp hits you but does no damage.
You hit the white imp.
The white imp is heavily wounded.
The white imp gestures at you. The puff of frost hits you!
You closely miss the white imp.
The white imp is heavily wounded.
The white imp closely misses you.
You hit the white imp but do no damage.
The white imp is heavily wounded.
The white imp misses you.
You closely miss the white imp.
The white imp is heavily wounded.
The white imp gestures at you. The puff of frost hits you!
* * * LOW HITPOINT WARNING * * *
You closely miss the white imp.
The white imp is heavily wounded.
The white imp hits you.
You die...

#>...................
##...................
###'###############.
#.......# #.
#.......# #.
#.......# ##
#.......# #.......#
##### #..@....# #....
#..5....# #....
#.......# #....
#.......# #....
###.##### #.... ∆ #.#
###+#.... #.#
#........ #.#
#....#### #....#


You could see a white imp.

Vanquished Creatures
  An ufetubus (D:6)
1 creature vanquished.

Notes
Turn   | Place    | Note
-------+----------+-------------------------------------------
     0 | D:5      | Reached skill level 9 in Stealth
     0 | D:5      | MisterFreud the Gnoll Delver began the quest for the Orb.
     0 | D:5      | Reached XP level 1. HP: 23/23 MP: 1/1
     4 | D:5      | Noticed an iguana
     6 | D:5      | Noticed a lemure
     7 | D:5      | Noticed Pikel
     7 | D:5      | Noticed a lemure
     9 | D:5      | Noticed a lemure
   330 | D:6      | Found a runed translucent door.
   330 | D:6      | Noticed ZodNigurash's ghost (novice DEAE)
   380 | D:6      | Slain by a white imp

Illustrated notes

Levels and vault maps discovered:
D:5:      layout_cave_pools, uniq_grinder, uniq_pikel, uniq_crazy_yiuf_cottage
D:6:      layout_basic, gammafunk_ghost_grave, serial_park_tiny_1,
          nrook_mini_vaults, uniq_prince_ribbit1

Skill      XL: | |
---------------+-+-----
Stealth        | |  9.5
Fighting       | |  6.4
Short Blades   | |  4.4
Long Blades    | |  0.1
Axes           | |  0.1
Maces & Flails | |  0.1
Polearms       | |  0.1
Staves         | |  0.1
Ranged Weapons | |  0.1
Throwing       | |  0.1
Armour         | |  0.1
Dodging        | |  4.4
Shields        | |  0.1
Unarmed Combat | |  0.1
Spellcasting   | |  0.1
Conjurations   | |  0.1
Hexes          | |  0.1
Summonings     | |  0.1
Necromancy     | |  0.1
Translocations | |  0.1
Transmutations | |  0.1
Fire Magic     | |  0.1
Ice Magic      | |  0.1
Air Magic      | |  0.1
Earth Magic    | |  0.1
Poison Magic   | |  0.1
Invocations    | |  0.2
Evocations     | |  0.1

Action                   || total
-------------------------++-------
Melee: Short sword       ||    15
       Bite              ||     1
Armor: Leather armour    ||     5
Dodge: Dodged            ||    13
